 Dungeon Crawl Stone Soup version 0.29.1-13-g9f3cf754e1 (webtiles) character file.

Game seed: 7288671550542472645

1293 javelincjr the Chopper (level 8, -4/54 HPs)
             Began as a Demonspawn Gladiator on Feb 8, 2023.
             Was a Follower of Hepliaklqana.
             Killed from afar by an oklob plant (23 damage)
             ... with a splash of acid
             ... created by the enmity of Fedhas Madash
             ... on level 6 of the Dungeon.
             The game lasted 00:20:28 (7191 turns).

javelincjr the Chopper (Demonspawn Gladiator)       Turns: 7191, Time: 00:20:29

Health: -4/54      AC:  9    Str: 22    XL:     8   Next: 30%
Magic:  8/8        EV: 12    Int:  9    God:    Hepliaklqana [*.....]
Gold:   190        SH: 10    Dex: 21    Spells: 7/7 levels left

rFire   x . .      SeeInvis .   a - +0 war axe (flame)
rCold   . . .      Faith    .   i - +0 kite shield
rNeg    . . .      Spirit   .   x - +1 ring mail {rPois}
rPois   +          Reflect  .   c - +0 helmet
rElec   +          Harm     .   (no cloak)
rCorr   .          Rampage  .   (no gloves)
Will    .....                   (no boots)
Stlth   +.........              o - amulet of the acrobat
HPRegen 0.18/turn               w - ring "Mierph" {rElec rPois rF- AC+4 Dex+5}
MPRegen 0.11/turn               r - +6 ring of strength

@: corroded
A: reduced essence, thin metallic scales 1, ignite blood 2, spiny 1
a: Renounce Religion, Recall Ancestor, Ancestor Identity


You were on level 6 of the Dungeon.
You worshipped Hepliaklqana.
Hepliaklqana was aware of your devotion.
You visited 2 branches of the dungeon, and saw 7 of its levels.

You collected 383 gold pieces.
You spent 193 gold pieces at shops.

Inventory:

Hand Weapons
 a - a +0 war axe of flaming (weapon)
 A - a +3 dagger of draining
 B - a +2 short sword of venom
 F - a +0 arbalest
Missiles
 d - a throwing net
 e - a javelin
 f - 10 poisoned darts
 h - 6 datura-tipped darts
 q - 3 curare-tipped darts
 t - 8 boomerangs (quivered)
Armour
 b - a +0 leather armour
 c - a +0 helmet (worn)
 i - a +0 kite shield (worn)
 s - an orb of energy
 x - a +1 ring mail of poison resistance (worn)
Jewellery
 j - a ring of wizardry
 o - an amulet of the acrobat (around neck)
 r - a +6 ring of strength (right hand)
 w - the ring "Mierph" (left hand) {rElec rPois rF- AC+4 Dex+5}
   (You took it off an orc on level 5 of the Dungeon)

   [ring of protection]

   AC:        It affects your AC (+4).
   Dex:       It affects your dexterity (+5).
   rF:        It makes you vulnerable to fire.
   rElec:     It insulates you from electricity.
   rPois:     It protects you from poison.
 C - a ring of magical power
Wands
 l - a wand of roots (23)
 z - a wand of digging (5)
Scrolls
 g - 2 scrolls of teleportation
 n - 2 scrolls of vulnerability
 p - 2 scrolls of fog
 u - a scroll of blinking
 v - a scroll of poison {unknown}
 y - a scroll of magic mapping {unknown}
Potions
 k - a potion of resistance
 m - 4 potions of lignification
 D - a potion of haste {unknown}
 E - a potion of curing {unknown}
 G - a potion of brilliance {unknown}
 H - a potion of might {unknown}


   Skills:
 + Level 4.0 Fighting
 + Level 1.5 Short Blades
 + Level 5.7 Axes
 + Level 2.7 Throwing
 + Level 3.6 Armour
 + Level 4.3 Dodging
 + Level 1.2 Stealth
 + Level 2.8 Shields


You had 7 spell levels left.
You didn't know any spells.
Your spell library contained the following spells:

 Spells                   Type           Power      Damage    Failure   Level
 Stone Arrow              Conj/Erth      0%         3d7       99%         3
 Tukima's Dance           Hex            0%         N/A       99%         3
 Animate Armour           Summ/Erth      0%         N/A       100%        4
 Animate Dead             Necr           0%         N/A       100%        4
 Passage of Golubria      Tloc           0%         N/A       100%        4
 Borgnjor's Vile Clutch   Necr/Erth      0%         N/A       100%        5
 Yara's Violent Unravell  Hex/Tmut       0%         3d3       100%        5
 Death Channel            Necr           0%         N/A       100%        6
 Lehudib's Crystal Spear  Conj/Erth      0%         10d2      100%        8


Dungeon Overview and Level Annotations

Branches:
Dungeon (6/15)             Temple (1/1) D:5

Altars:
Ashenzari
Cheibriados
Dithmenos
Fedhas
Hepliaklqana
Kikubaaqudgha
Makhleb
Okawaru
Ru
Sif Muna
Trog
Uskayaw
Vehumet
Yredelemnul

Shops:
D:1 *   D:3 (   D:6 ?

Annotations:
D:6 exclusion: oklob plant


Innate Abilities, Weirdness & Mutations

Your life essence is reduced to manifest your ancestor. (-10% HP)
You are partially covered in thin metallic scales. (AC +2)
Your demonic aura often causes spilled blood to erupt in flames.
You are partially covered in sharp spines.


Message History

You swap places.
There is a stone staircase leading down here.
You swap places.
You swap places.
A phantom comes into view.
The phantom completely misses you.
You slash the phantom! You burn the phantom.
The phantom is severely damaged.
The phantom is struck by your spines. The phantom hits you.
The phantom blinks!
You blink.
The phantom attacks as you move away! You block the phantom's attack.
Synnove misses the phantom.
You closely miss the phantom.
The phantom is severely damaged.
The phantom is struck by your spines.
The phantom hits you but does no damage.
Synnove closely misses the phantom.
You slash the phantom! You burn the phantom.
You destroy the phantom!
Found a robe.
Found a potion of attraction.
You see here a potion of attraction.
You swap places.
Found a stone staircase leading up.
Done exploring.
You swap places.
There is an open door here.
There is an entrance to Luinerph's Magic Scroll Shoppe here.
There is an open door here.
Okay, then.
Okay, then.
Really walk into a travel-excluded area?
The oklob plant spits acid at you. The splash of acid hits you!!!
Ouch! That really hurt!
The acid corrodes you!
You hit the oklob plant but do no damage.
The oklob plant spits acid at you. The splash of acid hits you!!
You die...

#.............#.#...............
#........####.#.#.######.###.###
########## #.#.#.# #...>...#
#.#.#.# ##.#.##.#
#.#.#.#######.#.##.#
#.#...........#.##.#
#.#.#.#########.##.# #.#P..#
#.##.# ##)#@###########.#...
#...R............##..
#.#+###############.#
#.'∩'...............#
###+#.############### #...# #
##### # # #


You could see the friendly Synnove the ancestor and an oklob plant (ally
target).

Vanquished Creatures
  Sigmund (D:2)
  Duvessa (D:5)
  A wandering mushroom (D:6)
  A water moccasin (D:6)
  An ice beast (D:5)
  A centaur (D:6)
  2 phantoms
  Dowan (D:5)
  A gnoll bouda (D:4)
  3 orc priests
  2 iguanas (D:6)
  2 orc wizards (D:5)
  9 gnolls
  5 adders
  2 ufetubi
  A worm (D:4)
  2 dart slugs
  10 orcs
  4 endoplasms
  2 giant cockroaches
  6 goblins
  5 hobgoblins
  8 jackals
  4 quokkas
  4 ball pythons
  4 bats
  6 frilled lizards
  6 kobolds
  6 rats
101 creatures vanquished.

Vanquished Creatures (collateral kills)
  2 wandering mushrooms (D:6)
  Edmund (D:6)
3 creatures vanquished.

Grand Total: 104 creatures vanquished

Notes
Turn   | Place    | Note
-------+----------+-------------------------------------------
     0 | D:1      | javelincjr the Demonspawn Gladiator began the quest for the
                  | Orb.
     0 | D:1      | Reached XP level 1. HP: 16/16 MP: 1/1
     6 | D:1      | Found a faded altar of an unknown god.
    19 | D:1      | Prayed at the altar of an unknown god.
    19 | D:1      | Became a worshipper of Fedhas Madash
    19 | D:1      | Reached * piety under Fedhas
    65 | D:1      | Gained mutation: Your demonic aura sometimes causes spilled
                  | blood to erupt in flames. [demonic ancestry]
    65 | D:1      | Reached XP level 2. HP: 14/22 MP: 2/2
    70 | D:1      | Reached skill level 3 in Axes
   222 | D:1      | Found Xuylin's General Store.
   234 | D:1      | Bought a scroll of identify for 24 gold pieces
   234 | D:1      | Bought a scroll of teleportation for 36 gold pieces
  1092 | D:2      | Noticed Sigmund
  1098 | D:2      | Killed Sigmund
  1099 | D:2      | Reached skill level 4 in Axes
  1099 | D:2      | Reached XP level 3. HP: 11/28 MP: 3/3
  1099 | D:2      | Reached XP level 4. HP: 14/34 MP: 4/4
  1099 | D:2      | Gained mutation: You are partially covered in thin metallic
                  | scales. (AC +2) [demonic ancestry]
  1099 | D:2      | Reached XP level 5. HP: 16/39 MP: 5/5
  1478 | D:2      | Reached ** piety under Fedhas
  2174 | D:3      | Reached skill level 1 in Shields
  2293 | D:3      | Found Vythre Haja's Weapon Shop.
  2549 | D:3      | Found a basalt altar of Yredelemnul.
  2968 | D:4      | Gained mutation: You are partially covered in sharp spines.
                  | [demonic ancestry]
  2968 | D:4      | Reached XP level 6. HP: 35/46 MP: 6/6
  3270 | D:4      | Found a bloodstained altar of Trog.
  3848 | D:4      | Reached *** piety under Fedhas
  4344 | D:5      | Entered Level 5 of the Dungeon
  4363 | D:5      | Identified the ring "Mierph" {rElec rPois rF- AC+4 Dex+5}
  4379 | D:5      | Reached XP level 7. HP: 13/52 MP: 7/7
  4671 | D:5      | Found a staircase to the Ecumenical Temple.
  4809 | Temple   | Entered the Ecumenical Temple
  5004 | Temple   | Fell from the grace of Fedhas
  5004 | Temple   | Became a worshipper of Hepliaklqana the Forgotten
  5091 | D:5      | Noticed Dowan
  5093 | D:5      | Noticed Duvessa
  5100 | D:5      | Killed Duvessa
  5101 | D:5      | Reached skill level 5 in Axes
  5101 | D:5      | Reached skill level 1 in Stealth
  5104 | D:5      | Killed Dowan
  5643 | D:6      | Reached * piety under Hepliaklqana
  5663 | D:6      | Gained mutation: Your demonic aura often causes spilled
                  | blood to erupt in flames. [demonic ancestry]
  5663 | D:6      | Reached XP level 8. HP: 51/54 MP: 8/8
  5707 | D:6      | Noticed Edmund
  5721 | D:6      | Killed Edmund
  5722 | D:6      | Reached skill level 1 in Short Blades
  5943 | D:6      | Found Luinerph's Magic Scroll Shoppe.
  5946 | D:6      | Bought a scroll of brand weapon for 133 gold pieces
  5954 | D:6      | Noticed a wandering mushroom
  5954 | D:6      | Noticed an oklob plant
  5954 | D:6      | Noticed a wandering mushroom
  5954 | D:6      | Noticed a wandering mushroom
  7191 | D:6      | Killed from afar by an oklob plant

Illustrated notes

Levels and vault maps discovered:
D:1:      dpeg_arrival_houses_and_road, layout_loops_ring, serial_shops, shop,
          hellmonk_ecumenical_altar_pennies_from_heaven
D:2:      layout_basic, chequers_serial_rivers_micro_d, serial_bayou_pond_c,
          uniq_sigmund
D:3:      layout_basic, mainiacjoe_overflow_paths, serial_shops,
          nicolae_square_shop, grunt_ministairs_1
D:4:      layout_layer_cave, trog_three_pillars_becter
D:5:      layout_cave_pools, temple_doors_e, uniq_duvessa
D:6:      layout_basic, serial_shops, nicolae_shop_behind_doors, uniq_edmund
Temple:   nicolae_temple_bog_church

Skill      XL: |  1  2  3  4  5  6  7  8 |
---------------+-------------------------+-----
Axes           | 4 5 |  5.7
Armour         | 2 3 |  3.6
Dodging        | 3 4 |  4.3
Shields        | 1 2 |  2.8
Fighting       | 3 4 |  4.0
Throwing       | 2 |  2.7
Stealth        | 1 |  1.2
Short Blades   | 1 |  1.5

Action                   |  1- 3 |  4- 6 |  7- 9 || total
-------------------------+-------+-------+-------++-------
Melee: War axe           |    54 |   130 |    46 ||   230
       Dagger            |       |       |    50 ||    50
Throw: Boomerang         |       |    16 |       ||    16
       Dart              |       |     6 |       ||     6
       Throwing net      |       |     2 |       ||     2
  Use: Potion            |     2 |     2 |       ||     4
       Scroll            |       |     3 |     3 ||     6
 Stab: Sleeping          |       |     2 |       ||     2
Armor: Leather armour    |    10 |    38 |       ||    48
       Skin              |       |    26 |       ||    26
       Ring mail         |       |       |    22 ||    22
Dodge: Dodged            |    35 |    98 |    53 ||   186
Block: Kite shield       |    11 |    62 |    66 ||   139
